 Dungeon Crawl Stone Soup version 0.31-a0-544-gceb718ecc6 (webtiles) character file.

Game seed: 14536246898308045157

806 avis the Ruffian (level 7, -4/55 HPs)
             Began as a Demigod Shapeshifter on Aug 15, 2023.
             Slain by an orc warrior
             ... wielding a +0 war axe
              (12 damage)
             ... on level 6 of the Dungeon on Aug 16, 2023.
             The game lasted 00:23:21 (5514 turns).

avis the Ruffian (Demigod Shapeshifter)             Turns: 5514, Time: 00:23:22

Health: -4/55      AC:  8    Str: 20    XL:     7   Next: 33%
Magic:  9/9        EV:  8    Int: 10    God:
Gold:   153        SH:  4    Dex: 18    Spells: 6/6 levels left

rFire   . .          .
                       - Unarmed
rCold   . . .        z - +0 buckler
rNeg    . . .        p - +0 chain mail
rPois   .            (helmet currently unavailable)
rElec   .            i - melded +0 cloak
rCorr   .            (gloves currently unavailable)
SInv    .            (boots currently unavailable)
Will    .....        (no amulet) Stlth
                     y - ring of flight
HPRegen 0.29/turn    (no ring)
MPRegen 0.11/turn

%: no passive effects
@: beast-form, flying, slowed, very slow
A: beast (slay +3), high MP 1, forlorn, divine attributes
a: Begin Untransformation


You were on level 6 of the Dungeon.
You were a hulking beast.
You visited 2 branches of the dungeon, and saw 7 of its levels.

You collected 195 gold pieces.
You spent 42 gold pieces at shops.

Inventory:

Hand Weapons
 b - a +0 sling
Missiles
 j - 69 stones
 o - 9 poisoned darts
Armour
 i - a +0 cloak (melded)
 p - a +0 chain mail (worn)
 t - a +3 leather armour
 z - a +0 buckler (worn)
Jewellery
 y - a ring of flight (left hand)
Talismans
 c - a beast talisman (active)
 d - a flux talisman
Wands
 g - a wand of paralysis (11)
Scrolls
 a - a scroll of brand weapon {unknown}
 e - a scroll of amnesia {unknown}
 h - 6 scrolls of identify {unknown}
 l - 2 scrolls of teleportation {unknown}
 s - 2 scrolls of butterflies {unknown}
 u - a scroll of blinking {unknown}
Potions
 f - 2 potions of magic {unknown}
 k - 3 potions of curing
 m - a potion of attraction {unknown}
 n - a potion of degeneration {unknown}
 q - 2 potions of lignification
 r - 2 potions of enlightenment {unknown}
 v - a potion of heal wounds {unknown}
 A - a potion of berserk rage {unknown}


   Skills:
 + Level 2.0 Fighting
 - Level 1.0 Armour
 - Level 2.0 Dodging
 + Level 6.6 Unarmed Combat
 - Level 4.5 Shapeshifting


You had 6 spell levels left.
You didn't know any spells.
Your spell library contained the following spells:

 Spells                   Type           Power      Damage    Failure   Level
 Apportation              Tloc           0%         N/A       99%         1
 Magic Dart               Conj           0%         1d3       99%         1
 Sandblast                Erth           0%         2d4       99%         1
 Sting                    Tmut/Pois      0%         1d3       99%         1
 Call Imp                 Summ           0%         N/A       99%         2
 Passwall                 Tmut/Erth      0%         N/A       99%         2
 Poisonous Vapours        Pois/Air       0%         N/A       99%         2
 Wereblood                Tmut           0%         N/A       99%         2
 Mephitic Cloud           Conj/Pois/Air  0%         N/A       100%        3
 Stone Arrow              Conj/Erth      0%         3d7       100%        3
 Summon Guardian Golem    Hex/Summ       0%         N/A       100%        3
 Olgreb's Toxic Radiance  Pois           0%         N/A       100%        4
 Alistair's Intoxication  Tmut/Pois      0%         N/A       100%        5
 Irradiate                Conj/Tmut      0%         3d11      100%        5
 Orb of Destruction       Conj           0%         9d5       100%        7
 Spellforged Servitor     Conj/Summ      0%         N/A       100%        7


Dungeon Overview and Level Annotations

Branches:
Dungeon (6/15)             Temple (1/1) D:5

Shops:
D:2 !

Annotations:
D:4 Hidden areas
D:6 Glass case, Edmund


Innate Abilities, Weirdness & Mutations

You are a hulking beast.
Your limbs bulge with bestial killing power. (Slay +3)
You have an increased reservoir of magic. (+10% MP)
You shall have no god before yourself.
Your divine heritage dramatically boosts your attributes as you level up.


Message History

The kobold brigand throws a curare-tipped dart.
The curare-tipped dart hits you.
You are more poisoned.
You have difficulty breathing.
You feel as though you will be slow longer.
You feel very sick.
You punch the orc warrior!
The orc warrior is moderately wounded.
You feel very sick.
The orc wizard gestures at you while chanting.
The magic dart hits you but does no damage.
You feel sick. The orc attacks as you move away!
The orc hits you but does no damage.
You feel sick.
You feel sick.
You feel sick.
You are no longer poisoned.
The orc warrior unwields a +0 war axe.
The orc warrior wields a +0 orcbow.
The orc warrior shoots an arrow.
The arrow hits you.
The orc warrior shoots an arrow.
The arrow barely misses you. The orc hits you but does no damage.
You hit the orc.
You kill the orc!
The orc warrior shoots an arrow.
The arrow barely misses you.
The orc warrior unwields a +0 orcbow.
The orc warrior wields a +0 war axe.
The orc warrior hits you with a +0 war axe!
The orc warrior hits you with a +0 war axe.
* * * LOW HITPOINT WARNING * * *
Things that are here:
a +0 club; a +0 leather armour; an orc corpse You closely miss the orc warrior.
The orc warrior is moderately wounded.
The orc warrior hits you with a +0 war axe.
* * * LOW HITPOINT WARNING * * *
You barely miss the orc warrior.
The orc warrior is moderately wounded.
The orc warrior hits you with a +0 war axe!
* * * LOW HITPOINT WARNING * * *
The orc warrior hits you with a +0 war axe!
You die...

###### ....... .≈..≈≈.##
#.≈≈..≈..# ##.≈≈..§≈.# ####
#...≈≈.§§.# #..# ####
#._.≈≈..≈§##########..#####...
#..§≈≈.o≈...o...........†.†...
...≈≈..≈≈..##h#####...####....
..K≈..≈§..###.# #...# #.###
.K≈§.§§§.## #.# #...####.#[#
#.≈§.§§§)# #.# #........###
#K§..§§§## #.# #..#####....
..§..§§.. ..# #..# #####
.§≈§.≈≈... ..# #..#
K§..§≈..### ... ...# §§).≈§.##
.#.# ....


You could see an orc warrior and an orc wizard.

Vanquished Creatures
  Prince Ribbit (D:6)
  A black bear (D:4)
  2 phantoms
  A jelly (D:5)
  2 hounds (D:6)
  A sleepcap (D:5)
  2 iguanas (D:5)
  3 orc wizards
  5 adders
  A worm (D:2)
  2 dart slugs
  12 orcs
  3 endoplasms
  4 giant cockroaches
  7 goblins
  6 hobgoblins
  9 jackals
  6 kobolds
  5 quokkas
  3 ball pythons
  4 bats
  6 frilled lizards
  4 rats
90 creatures vanquished.

Notes
Turn   | Place    | Note
-------+----------+-------------------------------------------
     0 | D:1      | avis the Demigod Shapeshifter began the quest for the Orb.
     0 | D:1      | Reached XP level 1. HP: 15/15 MP: 3/3
    92 | D:1      | Reached skill level 1 in Fighting
   163 | D:1      | Reached skill level 3 in Unarmed Combat
   269 | D:1      | Reached XP level 2. HP: 23/23 MP: 4/4
  1080 | D:2      | Reached XP level 3. HP: 18/28 MP: 5/5
  1683 | D:2      | Reached skill level 1 in Armour
  1769 | D:2      | Found Qagh's Distillery.
  1781 | D:2      | Bought a potion of curing for 42 gold pieces
  2278 | D:2      | Reached skill level 4 in Unarmed Combat
  2278 | D:2      | Reached XP level 4. HP: 35/35 MP: 6/6
  3116 | D:4      | Noticed a black bear
  3153 | D:4      | Killed a black bear
  3154 | D:4      | Reached XP level 5. HP: 23/41 MP: 7/7
  3356 | D:4      | Reached skill level 5 in Unarmed Combat
  3981 | D:5      | Entered Level 5 of the Dungeon
  4158 | D:5      | Reached XP level 6. HP: 36/48 MP: 8/8
  4428 | D:5      | Reached skill level 6 in Unarmed Combat
  4813 | D:5      | Found a staircase to the Ecumenical Temple.
  4819 | Temple   | Entered the Ecumenical Temple
  5111 | D:6      | Noticed Edmund
  5241 | D:6      | Reached XP level 7. HP: 50/55 MP: 9/9
  5385 | D:6      | Noticed Prince Ribbit
  5415 | D:6      | Killed Prince Ribbit
  5514 | D:6      | Slain by an orc warrior

Illustrated notes

Levels and vault maps discovered:
D:1:      eino_arrival_cavern_a, layout_loops_cross, minmay_tetromino_l2
D:2:      layout_basic, serial_shops, shop
D:3:      layout_loops_ring, ebering_ecumenical_altar_abandoned,
          grunt_decor_fettered, minivault_27
D:4:      layout_basic, elyvilon_altar_1, serial_rivers,
          chequers_serial_rivers_small_3, chequers_serial_rivers_marsh,
          chequers_serial_rivers_micro_e, chequers_serial_rivers_micro_a,
          chequers_serial_rivers_marsh, chequers_serial_rivers_marsh
D:5:      layout_cave_pools, lemuel_crystal_altar,
          minmay_temple_entry_enclosed_plants
D:6:      layout_loops_ring, mainiacjoe_overflow_catch_the_wave,
          nicolae_ru_awakened_eye, mainiacjoe_overflow_surrounded_room,
          dreamdust_princess_bridge, item_on_display_a, uniq_prince_ribbit1,
          uniq_sigmund, uniq_edmund
Temple:   minmay_freezing_vapour_temple

Skill      XL: |  1  2  3  4  5  6 |
---------------+-------------------+-----
Fighting       | 1 2 |  2.0
Unarmed Combat | 3 4 5 6 |  6.6
Shapeshifting  | 3 4 |  4.5
Armour         | 1 |  1.0
Dodging        | 2 |  2.0

Action                     |  1- 3 |  4- 6 |  7- 9 || total
---------------------------+-------+-------+-------++-------
  Melee: Unarmed           |   135 |   130 |    21 ||   286
         Punch             |     5 |     2 |       ||     7
   Fire: Sling             |       |    25 |     4 ||    29
Ability: Begin Untransform |       |     1 |       ||     1
    Use: Potion            |       |       |     1 ||     1
 Armour: Ring mail         |    61 |     2 |       ||    63
         Chain mail        |       |    69 |     4 ||    73
         Skin              |       |       |     9 ||     9
  Dodge: Dodged            |    60 |    46 |     3 ||   109
  Block: Buckler           |       |     4 |       ||     4
   Form: Beast             |       |     1 |       ||     1

Table legend: (Time is in decaauts)
 A = Elapsed time spent in this place.
 B = Non-inter-level travel time spent in this place.
 C = Inter-level travel time spent in this place.
 D = Time resting spent in this place.
 E = Time spent auto-exploring this place.
 F = Levels seen in this place.
 G = Mean time per level.
                   A        B        C        D        E       F      G
               +--------+--------+--------+--------+--------+-----+--------+
         Total |   5529 |   4923 |    606 |    663 |   3104 |   7 |  789.9 |
       Dungeon |   5520 |   4914 |    606 |    663 |   3104 |   6 |  920.0 |
        Temple |      9 |      9 |      0 |      0 |      0 |   1 |    9.0 |
               +--------+--------+--------+--------+--------+-----+--------+

Top non-repeatable levels by time:
     D:4: 1373 daAuts
     D:2: 1231 daAuts
     D:1: 890 daAuts
     D:5: 854 daAuts
     D:3: 840 daAuts
     D:6: 329 daAuts
  Temple: 9 daAuts
